 Dungeon Crawl Stone Soup version 0.30-a0-585-g93115170b9 (webtiles) character file.

Game seed: 15695451565592765447

70 HyperVT the Twirler (level 4, 0/26 HPs)
             Began as a Tengu Gladiator on Jan 2, 2023.
             Slain by Sigmund
             ... wielding a +0 scythe
              (7 damage)
             ... on level 3 of the Dungeon.
             The game lasted 00:13:33 (2158 turns).

HyperVT the Twirler (Tengu Gladiator)               Turns: 2158, Time: 00:13:33

Health: 0/26       AC:  5    Str: 12 (15) XL:     4   Next: 21%
Magic:  5/5        EV: 12    Int: 13 (16) God:
Gold:   116        SH:  0    Dex: 18 (20) Spells: 3/3 levels left

rFire   . . .      SeeInvis .    o - +8 scimitar of Kuseifro {venom, Int+3}
rCold   . . .      Faith    .    (no shield)
rNeg    . . .      Spirit   .    i - +0 ring mail
rPois   .          Reflect  +    c - +0 hat
rElec   .          Harm     .    (no cloak)
rCorr   .          Rampage  .    (no gloves)
Will    .....                    (boots unavailable) Stlth
                                 j - amulet of reflection
HPRegen 0.24/turn                f - +6 ring of intelligence
MPRegen 0.09/turn                (no ring)

@: confused, mighty, studying Long Blades, unable to read, very slow
A: beak, talons 3, agile 1, inability to read after injury 1
a: no special abilities


You were on level 3 of the Dungeon.
You visited 1 branch of the dungeon, and saw 3 of its levels.

You collected 116 gold pieces.

Inventory:

Hand Weapons
 a - a +0 quarterstaff
 o - the +8 scimitar of Kuseifro (weapon) {venom, Int+3}
   (You found it on level 3 of the Dungeon)

   It poisons the flesh of those it strikes.
   Int:       It affects your intelligence (+3).
Missiles
 d - 3 throwing nets (quivered)
 e - a javelin
Armour
 b - a +0 leather armour
 c - a +0 hat (worn)
 i - a +0 ring mail (worn)
Jewellery
 f - a +6 ring of intelligence (left hand)
 h - an amulet of reflection
 j - an amulet of reflection (around neck)
Scrolls
 l - 4 scrolls of enchant weapon
 m - a scroll of amnesia
 n - a scroll of poison
 p - a scroll of teleportation


   Skills:
 + Level 2.3 Fighting
 + Level 0.6 Long Blades
 + Level 4.4 Staves
 + Level 2.0 Throwing
 + Level 0.6 Armour
 + Level 3.9 Dodging
 + Level 0.1 Stealth
 + Level 0.3 Shields


You had 3 spell levels left.
You didn't know any spells.
Your spell library contained the following spells:

 Spells                   Type           Power      Damage    Failure   Level
 Inner Flame              Hex/Fire       0%         N/A       91%         3
 Cause Fear               Hex            0%         N/A       100%        4
 Dragon Form              Tmut           0%         N/A       100%        7
 Discord                  Hex            0%         N/A       100%        8
 Dragon's Call            Summ           0%         N/A       100%        9


Dungeon Overview and Level Annotations

Branches:
Dungeon (3/15)

Altars:
Cheibriados
Qazlal
Xom
Zin

Shops:
D:1 :

Annotations:
D:3 Jessica, Sigmund


Innate Abilities, Weirdness & Mutations

You have a beak for a mouth.
You have claws for feet.
You are agile. (Dex +4, Str/Int -1)
You occasionally lose the ability to read scrolls when taking damage.


Message History

You open the door.
There is an open door here.
You now have 83 gold pieces (gained 10).
You now have 89 gold pieces (gained 6).
You now have 100 gold pieces (gained 11).
You now have 107 gold pieces (gained 7).
You now have 116 gold pieces (gained 9).
There is an open door here.
l - 4 scrolls of enchant weapon (gained 1) Time shudders.
You feel dopey.
Jessica the Apprentice Sorceress comes into view.
She is wielding a +4 club.
Jessica shouts!
You hear a shout!
Sigmund the Dreaded comes into view.
He is wielding a +0 scythe.
You hear a shout!
You see here a ring of protection from cold.
Jessica mumbles some strange words.
Jessica seems to speed up.
Sigmund screams, "Die, monster!"
Sigmund gestures wildly while chanting.
Sigmund flickers and vanishes!
Deactivating autopickup; reactivate with Ctrl-A.
Autopickup is now on.
Something hits you!
Deactivating autopickup; reactivate with Ctrl-A.
You slice something!! Your peck misses something.
Jessica points at you and mumbles some strange words.
Something hits you!
* * * LOW HITPOINT WARNING * * *
You feel very mighty all of a sudden.
You barely miss something. Your kick misses something.
You hear some strange, mumbled words.
You are confused.
Jessica casts a spell at you.
Something writhes in agony.
You bump into the rock wall.
Jessica shouts, "Stop bothering me, or I'll kill you!"
Something hits you!
You feel threatened and lose the ability to read scrolls!
You die...

..# ... ..# #.# .... #.# .. #.#
....#.# #. #.#
###.#.#.####.#####.##
.....#......@@.....# ###
#..........#####.## ##..
####..#.##########.## #...
#...............@{@.# #...
#........†..##### #...
#..###'###..# ### ### ##..
#..#.....#..# #.# #.# ##.
#..#.....#.## #.# #.# #.
#..#.._..#.#####.# #.# #.
##.#.....#.......# ##.## #.
#.#.....#.####### #...# ##.
#.####.#######.###.#####...####..


You could see Jessica (fast).

Vanquished Creatures
  2 worms
  2 dart slugs
  3 orcs (D:3)
  4 ball pythons
  7 bats
  5 endoplasms
  2 giant cockroaches
  2 goblins
  2 hobgoblins
  7 jackals
  3 quokkas
  2 frilled lizards
  4 kobolds
  7 rats
52 creatures vanquished.

Notes
Turn   | Place    | Note
-------+----------+-------------------------------------------
     0 | D:1      | HyperVT the Tengu Gladiator began the quest for the Orb.
     0 | D:1      | Reached XP level 1. HP: 12/12 MP: 2/2
    86 | D:1      | Found Kerusm's Book Emporium.
   195 | D:1      | Reached XP level 2. HP: 15/17 MP: 3/3
   597 | D:1      | Found a faded altar of an unknown god.
  1175 | D:1      | Prayed at the altar of an unknown god.
  1175 | D:1      | Became a worshipper of Cheibriados the Contemplative
  1175 | D:1      | Reached * piety under Cheibriados
  1176 | D:1      | Fell from the grace of Cheibriados
  1254 | D:2      | Reached XP level 3. HP: 17/21 MP: 4/4
  1286 | D:2      | Reached skill level 4 in Staves
  1354 | D:2      | Identified a scroll of acquirement
  1354 | D:2      | Acquired a manual of Long Blades
  1380 | D:2      | Gained mutation: You occasionally lose the ability to read
                  | scrolls when taking damage. [potion of mutation]
  1380 | D:2      | Gained mutation: You are agile. (Dex +4, Str/Int -1)
                  | [potion of mutation]
  1784 | D:3      | Reached XP level 4. HP: 20/26 MP: 5/5
  1792 | D:3      | Identified the +8 scimitar of Kuseifro {venom, Int+3}
  1967 | D:3      | Found a glowing silver altar of Zin.
  1970 | D:3      | Found a stormy altar of Qazlal.
  2018 | D:3      | Found a shimmering altar of Xom.
  2141 | D:3      | Noticed Jessica
  2141 | D:3      | Noticed Sigmund
  2158 | D:3      | Slain by Sigmund

Illustrated notes

Levels and vault maps discovered:
D:1:      mrwooster_arrival_statue_3, layout_loops_corners, serial_shops,
          nicolae_shop_advertising_works [nicolae_subvault_shop_adworks],
          ebering_ecumenical_altar_mist
D:2:      layout_rooms
D:3:      minmay_octagon_keep, layout_loops_ring, amcnicky_altar_gilded,
          minitemple, nicolae_uskayaw_suspiria, nicolae_ru_the_path_less_chosen,
          serial_shops, nicolae_shop_overgrown_old_shop,
          kennysheep_generic_room_9, uniq_sigmund, uniq_jessica

Skill      XL: |  1  2  3 |
---------------+----------+-----
Staves         | 4 |  4.4
Fighting       | |  2.3
Long Blades    | |  0.6
Throwing       | |  2.0
Armour         | |  0.6
Dodging        | |  3.9
Stealth        | |  0.1
Shields        | |  0.3

Action                   |  1- 3 |  4- 6 || total
-------------------------+-------+-------++-------
Melee: Quarterstaff      |    94 |     5 ||    99
       Kick              |    19 |     2 ||    21
       Peck              |    12 |     2 ||    14
       Scimitar          |       |    11 ||    11
Invok: Renounce Religion |     1 |       ||     1
  Use: Scroll            |     5 |     2 ||     7
       Potion            |     1 |     1 ||     2
Armor: Leather armour    |     1 |       ||     1
       Ring mail         |    37 |     3 ||    40
Dodge: Dodged            |    77 |    11 ||    88
Block: Other             |    30 |     6 ||    36

Table legend: (Time is in decaauts)
 A = Elapsed time spent in this place.
 B = Non-inter-level travel time spent in this place.
 C = Inter-level travel time spent in this place.
 D = Time resting spent in this place.
 E = Time spent auto-exploring this place.
 F = Levels seen in this place.
 G = Mean time per level.
                   A        B        C        D        E       F      G
               +--------+--------+--------+--------+--------+-----+--------+
         Total |   2450 |   2253 |    197 |     69 |   1630 |   3 |  816.7 |
       Dungeon |   2450 |   2253 |    197 |     69 |   1630 |   3 |  816.7 |
               +--------+--------+--------+--------+--------+-----+--------+

Top non-repeatable levels by time:
     D:1: 1245 daAuts
     D:2: 626 daAuts
     D:3: 578 daAuts
